 Dungeon Crawl Stone Soup version 0.31-a0-261-g072fdb8a1f (webtiles) character file.

Game seed: 15562121842046151948

46 qw the Shooter (level 3, -4/29 HPs)
             Began as a Minotaur Hexslinger on July 13, 2023.
             Killed by nerve-wracking pain
             ... invoked by Grinder
              (14 damage)
             ... on level 2 of the Dungeon.
             The game lasted 00:00:36 (1586 turns).

qw the Shooter (Minotaur Hexslinger)                Turns: 1586, Time: 00:00:36

Health: -4/29      AC:  7    Str: 12    XL:     3   Next: 44%
Magic:  3/3        EV: 11    Int: 10    God:
Gold:   102        SH:  0    Dex: 14    Spells: 3/4 levels left

rFire   . . .        Y - +1 sling
rCold   . . .        (no shield)
rNeg    . . .        f - +0 ring mail
rPois   .            (helmet restricted)
rElec   .            j - +0 cloak
rCorr   .            e - +0 pair of gloves
SInv    .            (no boots)
Will    .....        (no amulet)
Stlth   +            (no ring)
HPRegen 0.24/turn    (no ring)
MPRegen 0.08/turn

%: no passive effects
@: no status effects
A: horns 2, retaliatory headbutt
a: no special abilities


You were on level 2 of the Dungeon.
You visited 1 branch of the dungeon, and saw 3 of its levels.

You collected 102 gold pieces.


Innate Abilities, Weirdness & Mutations

You have a pair of horns on your head.
You reflexively headbutt those who attack you in melee.


   Skills:
 - Level 2.0 Fighting
 - Level 4.0 Ranged Weapons
 + Level 0.2 Armour
 - Level 2.1 Dodging
 - Level 1.0 Spellcasting
 - Level 2.0 Hexes


You had 3 spell levels left.
You knew the following spells:

 Your Spells              Type           Power      Damage    Failure   Level
a - Slow                  Hex            16%        N/A       34%         1

Your spell library contained the following spells:

 Spells                   Type           Power      Damage    Failure   Level
 Inner Flame              Hex/Fire       2%         N/A       83%         3
 Portal Projectile        Hex/Tloc       4%         N/A       83%         3
 Cause Fear               Hex            2%         N/A       98%         4

Inventory:

Hand Weapons
 Y - a +1 sling (weapon)
Armour
 e - a +0 pair of gloves (worn)
 f - a +0 ring mail (worn)
 j - a +0 cloak (worn)
Jewellery
 d - a ring of ice
Scrolls
 a - a scroll of identify
Potions
 c - a potion of curing
 g - a potion of might
 h - a potion of enlightenment
 i - a potion of brilliance {unknown}

Dungeon Overview and Level Annotations

Branches:
Dungeon (3/15)

Altars:

Annotations:
D:2 Grinder


Message History

You shoot a sling bullet.
The sling bullet closely misses Grinder.
You shoot a sling bullet. The sling bullet barely misses Grinder.
Grinder blinks!
Grinder gestures at you.
You suddenly lose the ability to move!
Grinder blinks!
Grinder gestures at you. You resist with significant effort.
You can move again.
You shoot a sling bullet. The sling bullet barely misses Grinder.
You shoot a sling bullet. The sling bullet hits Grinder.
Grinder is moderately wounded.
Grinder hits you.
You writhe in agony.
1584 ||| STAIRDANCE You feel a little less mighty now.
Grinder closely misses you. You furiously retaliate!
You headbutt Grinder!
You climb upwards.
There is a stone staircase leading down here.
Enter note:
Enter note:
Enter note:
Enter note:
Enter note:
Enter note:
Enter note:
Enter note:
Enter note:
Enter note:
Enter note:
Enter note:
Enter note:
Enter note: You shoot a sling bullet.
The sling bullet hits Grinder.
Grinder is heavily wounded.
Grinder gestures at you. Pain shoots through your body!
Grinder gestures at you. Pain shoots through your body!
You die...

..~.}~..~..~~#.#.# #.#
..~..~..~..~~#.#.## #.#
~..~..~~...~##....#####.##
~..~.......##...........)#
.~~........##.#.#.##.##..#
...........##...#.##.##..#
............##..#.##.##..########
......)..........5...............
.###.#.#######..@.##.##..########
.# #.#.# #.........##.....# .#
#.#.#####.###.........####
.###.................##.##
........................#########
.####..#####.###..#..............
.####..#####..........#.#########
....#..##.........#####.#
...........#..###.#####.######


You could see Grinder.

Vanquished Creatures
  A dart slug (D:1)
  6 bats
  2 endoplasms (D:1)
  2 giant cockroaches
  4 goblins (D:1)
  4 hobgoblins
  3 jackals (D:1)
  4 quokkas (D:1)
  3 ball pythons
  5 frilled lizards
  3 kobolds (D:2)
  3 rats
40 creatures vanquished.

Notes
Turn   | Place    | Note
-------+----------+-------------------------------------------
     0 | D:1      | qw the Minotaur Hexslinger began the quest for the Orb.
     0 | D:1      | Reached XP level 1. HP: 16/16 MP: 1/1
     0 | D:1      | 0 ||| qw: Version: 0.3-a-52-g30416fa
     0 | D:1      | 0 ||| qw: Game counter: 7029
     0 | D:1      | 0 ||| qw: Melee chars always use a shield: true
     0 | D:1      | 0 ||| qw: God list: Okawaru
     0 | D:1      | 0 ||| qw: Allow faded altars: false
     0 | D:1      | 0 ||| qw: Do Orc after clearing Dungeon:15 true
     0 | D:1      | 0 ||| qw: Do second Lair branch before Depths: true
     0 | D:1      | 0 ||| qw: Lair rune preference: random
     0 | D:1      | 0 ||| qw: Goals: Normal
     0 | D:1      | 0 ||| PLANNING D:1-11
   170 | D:1      | Reached skill level 3 in Ranged Weapons
   172 | D:1      | Reached XP level 2. HP: 23/23 MP: 2/2
   511 | D:1      | Reached XP level 3. HP: 29/29 MP: 3/3
   743 | D:1      | 743 ||| UPGRADING to +0 pair of gloves.
   748 | D:1      | 748 ||| UPGRADING to +0 ring mail.
   758 | D:1      | 758 ||| DROPPING +0 robe.
   759 | D:1      | 759 ||| DRINKING 2 lumpy white potions.
   760 | D:1      | 760 ||| DROPPING scroll of poison.
   944 | D:2      | Found a faded altar of an unknown god.
  1142 | D:2      | Reached skill level 4 in Ranged Weapons
  1513 | D:2      | 1513 ||| UPGRADING to +0 cloak.
  1518 | D:2      | 1518 ||| READING 3 scrolls labelled OHAGRA XIARPH.
  1519 | D:2      | 1519 ||| READING scroll labelled JAYWKI MABALI.
  1520 | D:2      | 1520 ||| DRINKING 2 green potions.
  1521 | D:2      | 1521 ||| READING 2 scrolls of identify.
  1521 | D:2      | 1521 ||| IDENTIFYING metallic ruby potion
  1564 | D:3      | Noticed Grinder
  1570 | D:3      | Paralysed by Grinder for 4 turns
  1577 | D:3      | Paralysed by Grinder for 5 turns
  1584 | D:3      | 1584 ||| STAIRDANCE
  1586 | D:2      | Killed from afar by Grinder

Levels and vault maps discovered:
D:1:      dpeg_arrival_tiny_i, layout_basic
D:2:      cheibrodos_helix_gallery, layout_basic, nicolae_ecumenical_oubliette,
          serial_bayou_pond_a
D:3:      layout_rooms, minmay_misc_feat_hallway, uniq_jessica, uniq_natasha,
          uniq_grinder, uniq_terence

Skill      XL: |  1  2  3 |
---------------+----------+-----
Ranged Weapons | 3 4 |  4.0
Fighting       | 2 |  2.0
Armour         | |  0.2
Dodging        | |  2.1
Spellcasting   | |  1.0
Hexes          | |  2.0

Action                     || total
---------------------------++-------
   Fire: Sling             ||   118
    Use: Scroll            ||     3
         Potion            ||     2
 Armour: Robe              ||     6
         Ring mail         ||     2
  Dodge: Dodged            ||    23

Table legend:
 A = Non-vault XP
 B = Vault XP
 C = Vault XP percentage of total XP
 D = Non-vault monster count
 E = Vault monster count
 F = Vault count percentage of total count
                 A         B        C        D         E       F
            +---------+---------+-------+---------+---------+-------
      Total |      64 |       2 |   3.0 |      38 |       2 |   5.0
            +---------+---------+-------+---------+---------+-------
        D:1 |      47 |       0 |   0.0 |      27 |       0 |   0.0
        D:2 |      17 |       2 |  10.5 |      11 |       2 |  15.4
            +---------+---------+-------+---------+---------+-------
